 Dungeon Crawl Stone Soup version 0.25.1-2-g60ff931df9 (webtiles) character file.

Game seed: 17853757904584658684

2200 hawla the Stinger (level 9, -4/68 HPs)
             Began as a Yellow Draconian Venom Mage on Nov 12, 2020.
             Was a Follower of Vehumet.
             Slain by a warg (7 damage)
             ... on level 8 of the Dungeon.
             The game lasted 00:32:24 (8800 turns).

hawla the Stinger (Yellow Draconian Venom Mage)     Turns: 8800, Time: 00:32:25

Health: -4/68      AC:  9    Str: 15 (16) XL:     9   Next: 12%
Magic:  15/15      EV: 12    Int: 18      God:    Vehumet [*.....]
Gold:   354        SH:  0    Dex: 11      Spells: 5/16 levels left

rFire    + . .     SeeInvis .   s - staff of conjuration
rCold    . . .     Gourm    .   (no shield)
rNeg     . . .     Faith    .   (armour unavailable)
rPois    .         Spirit   .   (helmet restricted)
rElec    .         Reflect  .   (no cloak)
rCorr    +         Harm     .   (no gloves)
MR       .....     Clarity  +   f - +1 pair of boots
Stlth    +.........             a - amulet of regeneration
HPRegen  0.61/turn              d - +6 ring of strength
MPRegen  0.14/turn              q - ring of protection from fire

@: confused, very slightly contaminated
A: spit acid, unfitting armour, clarity, deterioration 1, dopey 1, robust 1,
cold-blooded, acid resistance, AC +7
a: Breathe Acid, Renounce Religion


You were on level 8 of the Dungeon.
You worshipped Vehumet.
Vehumet was aware of your devotion.
You were hungry.

You visited 2 branches of the dungeon, and saw 9 of its levels.

You collected 354 gold pieces.

Inventory:

Hand Weapons
 r - a +1 quarterstaff
Missiles
 c - 11 boomerangs (quivered)
 j - 56 poisoned darts
Armour
 f - a +1 pair of boots (worn)
Magical Staves
 s - an uncursed staff of conjuration (weapon)
Jewellery
 a - an amulet of regeneration (around neck)
 d - a +6 ring of strength (left hand)
 q - a ring of protection from fire (right hand)
 w - an uncursed ring of flight
Wands
 u - a wand of disintegration (10)
 y - a wand of random effects (11)
Scrolls
 e - 3 scrolls of remove curse
 i - a scroll of teleportation
 k - a scroll of blinking
 l - a scroll of magic mapping
 n - a scroll of identify
 v - a scroll of amnesia
Potions
 m - a potion of cancellation
 o - a potion of magic
Comestibles
 b - 12 rations


   Skills:
 - Level 1.7 Dodging
 - Level 1.7 Stealth
 + Level 4.4 Spellcasting
 - Level 5.0 Transmutations
 - Level 4.4 Fire Magic
 - Level 1.6 Ice Magic
 - Level 5.6 Air Magic
 + Level 7.1 Poison Magic


You had 5 spell levels left.
You knew the following spells:

 Your Spells              Type           Power        Failure   Level  Hunger
a - Sting                 Tmut/Pois      ####         1%          1    None
b - Poisonous Vapours     Pois/Air       ####..       1%          2    #......
c - Olgreb's Toxic Radia  Pois           ####....     8%          4    ####...
d - Ignite Poison         Fire/Tmut/Pois ###.....     4%          3    ###....
e - Freeze                Ice            ##..         7%          1    None

Your spell library contained the following spells:

 Spells                   Type           Power        Failure   Level  Hunger
 Mephitic Cloud           Conj/Pois/Air  ####....     8%          3    ###....
 Animate Skeleton         Necr           N/A          14%         1    None
 Pain                     Necr           #...         14%         1    None
 Vampiric Draining        Necr           #.........   38%         3    ###....
 Animate Dead             Necr           N/A          80%         4    ####...
 Agony                    Necr           #.......     98%         5    ######.


Dungeon Overview and Level Annotations

Branches:
Dungeon (8/15)             Temple (1/1) D:7
   Lair: D:8-11

Altars:
Cheibriados
Dithmenos
Elyvilon
Fedhas
Gozag
Hepliaklqana
Kikubaaqudgha
Makhleb
Nemelex Xobeh
Okawaru
Qazlal
Ru
Sif Muna
Trog
Uskayaw
Vehumet
Wu Jian
Xom
Yredelemnul
Zin
The Shining One

Annotations:
D:5 3 runed translucent doors, deadeyedave's ghost, amateur DrCj


Innate Abilities, Weirdness & Mutations

You can spit globs of acid.
Your golden yellow scales are hard. (AC +7)
You cannot fit into any form of body armour.
You are cold-blooded and may be slowed by cold attacks.
You are resistant to acid. (rCorr)
You possess an exceptional clarity of mind.
Your body sometimes deteriorates upon taking damage.
You are dopey. (Int -2)
You are robust. (+10% HP)


Message History

The warg bites you but does no damage. The warg bites you!
* * * LOW HITPOINT WARNING * * *
The orc wizard casts a spell.
The orc wizard blinks!
You are confused.
You feel invigorated.
The warg bites you but does no damage. x2
You're too confused to cast spells.
You nearly hit yourself!
The warg bites you.
* * * LOW HITPOINT WARNING * * *
The warg bites you but does no damage. x3
You swing at nothing.
The warg bites you but does no damage. x2
You miss the warg.
The warg is severely wounded.
You feel less wooden.
Your +1 pair of boots unmelds from your body.
The warg misses you. The warg bites you!
* * * LOW HITPOINT WARNING * * *
Your body deteriorates!
You feel weakened. The warg bites you!
You die...

#...#...### #.# #
#...##.## #.#.#
#....##.######.#.#
......##..........#
##...##########.###
#... #.# # ....
#.####.#
..#######h.....#
#......)oh@....#
........######.#
#######.# # #o#
#o######. #h.......
#.####.## #......#
#.###.[.#


You could see 2 wargs and an orc wizard (fast).

Vanquished Creatures
  Edmund (D:6)
  Menkaure (D:7)
  An orc warrior (D:8)
  A phantom (D:5)
  A sky beast (D:8)
  A black bear (D:6)
  5 ogres
  An eye of draining (D:7)
  A centaur (D:6)
  A big kobold (D:7)
  A bullfrog (D:6)
  A scorpion (D:4)
  A crimson imp (D:4)
  A quasit (D:7)
  3 orc priests
  3 hounds
  2 orc wizards
  A gnoll shaman (D:5)
  Terence (D:3)
  An iguana (D:4)
  Natasha (thrice) (D:3)
  2 worker ants (D:4)
  2 hound zombies
  A hound skeleton (D:7)
  Robin (D:4)
  4 gnolls
  9 adders
  2 adder zombies
  An adder skeleton (D:4)
  4 worms
  4 dart slugs
  5 leopard geckos
  13 orcs
  3 ball pythons
  6 bats
  8 giant cockroaches
  13 goblins
  9 hobgoblins
  7 jackals
  15 kobolds
  3 quokkas
  7 frilled lizards
  2 quokka skeletons
  6 rats
159 creatures vanquished.

Notes
Turn   | Place    | Note
-------+----------+-------------------------------------------
     0 | D:1      | hawla the Draconian Venom Mage began the quest for the Orb.
     0 | D:1      | Reached XP level 1. HP: 14/14 MP: 3/3
   404 | D:1      | Reached XP level 2. HP: 20/20 MP: 2/5
   408 | D:1      | Learned a level 2 spell: Poisonous Vapours
   613 | D:1      | You fall into a shaft and drop 1 floor!
  1305 | D:1      | Reached XP level 3. HP: 26/26 MP: 0/7
  1634 | D:2      | Gained mutation: You are robust. (+10% HP) [potion of
                  | mutation]
  1634 | D:2      | Gained mutation: You possess an exceptional clarity of
                  | mind. [potion of mutation]
  1634 | D:2      | Gained mutation: Your body sometimes deteriorates upon
                  | taking damage. [potion of mutation]
  1634 | D:2      | Gained mutation: You evolve. [potion of mutation]
  1753 | D:2      | Reached skill level 1 in Air Magic
  2031 | D:2      | Reached XP level 4. HP: 21/36 MP: 1/8
  2510 | D:2      | Found a radiant altar of Vehumet.
  2650 | D:2      | Gained mutation: You are dopey. (Int -2) [evolution]
  2650 | D:2      | Lost mutation: You evolve. [end of evolution]
  2764 | D:3      | Noticed Natasha
  2772 | D:3      | Killed Natasha
  2992 | D:4      | Reached XP level 5. HP: 29/41 MP: 0/10
  3340 | D:3      | Learned a level 4 spell: Olgreb's Toxic Radiance
  3344 | D:3      | Learned a level 3 spell: Ignite Poison
  3410 | D:3      | Noticed Terence
  3415 | D:3      | Killed Terence
  3415 | D:3      | Reached skill level 4 in Poison Magic
  3657 | D:3      | Noticed Natasha
  3662 | D:3      | Killed Natasha
  3903 | D:3      | Reached skill level 1 in Fire Magic
  3998 | D:3      | Found a shimmering altar of Xom.
  4098 | D:3      | Reached XP level 6. HP: 49/49 MP: 3/11
  4449 | D:3      | Noticed Natasha
  4452 | D:3      | Killed Natasha
  4896 | D:4      | Noticed Robin
  5021 | D:4      | Killed Robin
  5140 | D:4      | Found a bloodstained altar of Trog.
  5338 | D:4      | Found an ornate altar of the Wu Jian Council.
  5411 | D:4      | Your scales start taking on a golden yellow colour.
  5411 | D:4      | Reached XP level 7. HP: 55/55 MP: 8/12
  5411 | D:4      | Gained mutation: You are resistant to acid. (rCorr) [Yellow
                  | Draconian growth]
  5633 | D:4      | Found a basalt altar of Yredelemnul.
  5740 | D:2      | Became a worshipper of Vehumet
  5785 | D:5      | Entered Level 5 of the Dungeon
  5949 | D:5      | Reached skill level 5 in Poison Magic
  6094 | D:5      | Found a hide-covered altar of Uskayaw.
  6402 | D:5      | Found a runed translucent gate.
  6402 | D:5      | Found a runed translucent gate.
  6402 | D:5      | Found a runed translucent gate.
  6403 | D:5      | Noticed deadeyedave's ghost (amateur DrCj)
  6403 | D:5      | Identified the cursed +1 short sword of Haunted
                  | Tortfeasance {elec, rF+ rC+ Int+4 Stlth+}
  6586 | D:6      | Reached XP level 8. HP: 61/62 MP: 1/13
  6650 | D:6      | Noticed Edmund
  6656 | D:6      | Killed Edmund
  7103 | D:6      | Reached skill level 5 in Air Magic
  7303 | D:6      | Reached skill level 6 in Poison Magic
  7381 | D:6      | Reached * piety under Vehumet
  7381 | D:6      | Offered knowledge of Freeze by Vehumet.
  7381 | D:6      | Reached skill level 5 in Transmutations
  7384 | D:6      | Learned a level 1 spell: Freeze
  7666 | D:7      | Reached skill level 1 in Ice Magic
  7779 | D:7      | Found an opulent altar of Gozag.
  8008 | D:7      | Found a staircase to the Ecumenical Temple.
  8024 | Temple   | Entered the Ecumenical Temple
  8472 | D:7      | Noticed Menkaure
  8476 | D:7      | Killed Menkaure
  8495 | D:7      | Found a sacrificial altar of Ru.
  8767 | D:8      | Reached XP level 9. HP: 45/68 MP: 4/15
  8787 | D:8      | Reached skill level 7 in Poison Magic
  8796 | D:8      | HP: 3/102 [warg (10)]
  8800 | D:8      | Slain by a warg

Illustrated notes

Levels and vault maps discovered:
D:1:      psy_arrival_whirlpool, layout_basic
D:2:      minmay_inner_zag, layout_basic, vehumet_crystals, first_ration
D:3:      layout_loops_cross, nicolae_overflow_crystal_walls,
          serial_bayou_lake_a, uniq_terence, uniq_natasha
D:4:      layout_cave_pools, kennysheep_little_box, kennysheep_mini,
          lemuel_doored_altar, uniq_robin
D:5:      layout_cave_pools, gammafunk_ghost_nasty_kobolds, basic_altar
D:6:      layout_loops_cross, nicolae_overflow_hidden_temple, uniq_edmund
D:7:      layout_rooms, kennysheep_mini_moat, grunt_gozag_breadcrumbs,
          minmay_temple_entry_antechambers, uniq_menkaure
D:8:      cheibrodos_frozen_isle, layout_loops_ring, erik_lair_orcish_takeover
Temple:   minmay_temple_curvy_branch

Skill      XL: |  1  2  3  4  5  6  7  8  9 |
---------------+----------------------------+-----
Spellcasting   | 3 4 |  4.4
Air Magic      | 1 2 3 4 5 |  5.6
Transmutations | 2 3 4 5 |  5.0
Poison Magic   | 4 5 6 7 |  7.1
Fire Magic     | 1 2 3 4 |  4.4
Ice Magic      | 1 |  1.6
Dodging        | |  1.7
Stealth        | |  1.7

Action                   |  1- 3 |  4- 6 |  7- 9 || total
-------------------------+-------+-------+-------++-------
Melee: Unarmed           |    24 |       |       ||    24
       Tailslap          |     3 |    13 |     5 ||    21
       Dagger            |       |    71 |       ||    71
       Quarterstaff      |       |       |    50 ||    50
       Staff             |       |       |     7 ||     7
Throw: Boomerang         |       |     2 |    15 ||    17
 Cast: Sting             |    34 |    70 |    30 ||   134
       Poisonous Vapours |    18 |    57 |    48 ||   123
       Ignite Poison     |       |     3 |     7 ||    10
       Olgreb's Toxic Ra |       |     5 |    11 ||    16
       Freeze            |       |       |     3 ||     3
 Abil: Breathe Acid      |       |       |     4 ||     4
Evoke: Wand              |       |       |     1 ||     1
  Use: Scroll            |     2 |     3 |    11 ||    16
       Potion            |     1 |     4 |     5 ||    10
  Eat: Chunk             |     5 |    15 |     9 ||    29
       Ration            |       |       |     2 ||     2
Armor: Skin              |    10 |    49 |    71 ||   130
Dodge: Dodged            |    34 |   101 |    60 ||   195
